 Dungeon Crawl Stone Soup version 0.22-b1-21-g5cfc1688f2 (webtiles) character file.

339968 KamiKatze the Executioner (level 21, -2/200 HPs)
             Began as a Minotaur Berserker on Aug 5, 2018.
             Was the Champion of Trog.
             Killed from afar by a war gargoyle (32 damage)
             ... with a spray of metal splinters
             ... on level 5 of the Vaults on Aug 7, 2018.
             The game lasted 04:00:42 (43065 turns).

KamiKatze the Executioner (Minotaur Berserker)     Turns: 43065, Time: 04:00:43

Health: -2/200     AC: 34    Str: 31    XL:     21   Next: 36%
Magic:  20/20      EV: 24    Int:  5    God:    Trog [******]
Gold:   2942       SH:  0    Dex: 18    Spells: 20/20 levels left

rFire    + . .     SeeInvis +   a - +9 executioner's axe (elec)
rCold    + + .     Gourm    .   (shield currently unavailable)
rNeg     . . .     Faith    .   E - +5 gold dragon scales
rPois    +         Spirit   .   (helmet restricted)
rElec    +         Reflect  .   T - +0 cloak "Dynna" {-Cast rCorr Slay+3 SInv}
rCorr    +         Harm     .   t - +1 pair of gloves
MR       ++++.     NoCast   +   e - +0 pair of boots
Stlth    ..........             K - amulet "Perul" {Acrobat rElec}
HPRegen  1.43/turn              N - ring of protection from magic
MPRegen  0.17/turn              h - ring of the Octopus King {rC+ AC+1 EV+1 Str+1 Int+1 Dex+1}

@: agile, very slightly contaminated, regenerating, hasted, drained, invisible,
very quick
A: retaliatory headbutt, horns 2
}: 1/15 runes: gossamer
a: Berserk, Trog's Hand, Brothers in Arms, Renounce Religion


You were on level 5 of the Vaults.
You worshipped Trog.
Trog was exalted by your worship.
You were not hungry.

You visited 7 branches of the dungeon, and saw 35 of its levels.
You visited 1 bazaar.
You also visited: Labyrinth and Bailey.

You collected 4366 gold pieces.
You spent 1424 gold pieces at shops.

Inventory:

Hand Weapons
 a - a +9 executioner's axe of electrocution (weapon)
 b - a +1 hand axe of flaming
 w - the +8 Wrath of Trog {antimagic, *Rage}
   (You found it on level 2 of the Depths)

   It reduces the magical energy of the wielder, and disrupts the spells and
   magical abilities of those hit.
   Natural abilities and divine invocations are not affected.
   It may make you go berserk in combat.
Missiles
 r - 25 javelins
 P - 9 poisoned javelins
 V - 2 exploding tomahawks (quivered)
Armour
 e - a +0 pair of boots (worn)
 t - a +1 pair of gloves (worn)
 E - +5 gold dragon scales (worn)
 T - the +0 cloak "Dynna" (worn) {-Cast rCorr Slay+3 SInv}
   (You found it on level 1 of the Orcish Mines)

   It affects your accuracy and damage with ranged weapons and melee attacks
   (+3).
   It lets you see invisible.
   It prevents spellcasting.
   It provides partial protection from all sources of acid and corrosion.
Jewellery
 h - a ring of the Octopus King (right hand) {rC+ AC+1 EV+1 Str+1 Int+1 Dex+1}
   (You found it on level 1 of the Lair of Beasts)

   [ring of protection from cold]

   It affects your AC (+1).
   It affects your evasion (+1).
   It affects your strength (+1).
   It affects your intelligence (+1).
   It affects your dexterity (+1).
   It protects you from cold.
 A - a +4 ring of intelligence
 B - an uncursed ring of protection from fire
 K - the amulet "Perul" (around neck) {Acrobat rElec}
   (You found it in a labyrinth)

   [amulet of the acrobat]

   It helps you evade while moving and waiting.
   It insulates you from electricity.
 N - a ring of protection from magic (left hand)
Wands
 i - a wand of flame (74)
 s - a wand of iceblast (27)
 u - a wand of digging (8)
 y - a wand of polymorph (8)
 D - a wand of acid (19)
 M - a wand of disintegration (16)
Scrolls
 d - 2 scrolls of blinking
 g - 10 scrolls of fear
 j - 2 scrolls of holy word
 n - 4 scrolls of magic mapping
 o - a scroll of fog
 p - 11 scrolls of remove curse
 x - 10 scrolls of teleportation
 z - 2 scrolls of immolation
 L - 5 scrolls of identify
 S - a scroll of silence
Potions
 f - 4 potions of agility
 k - 5 potions of resistance
 l - 14 potions of heal wounds
 m - a potion of flight
 q - 4 potions of haste
 v - 6 potions of cancellation
 F - 7 potions of might
 H - 6 potions of lignification
 O - 16 potions of curing
 R - 4 potions of invisibility
Comestibles
 c - 47 rations


   Skills:
 + Level 19.8(18.7) Fighting
 * Level 26.9(25.7) Axes
 + Level 19.7(18.6) Armour
 + Level 18.3(17.2) Dodging


You had 20 spell levels left.
You didn't know any spells.
Your spell library contained the following spells:

 Spells                   Type           Power        Failure   Level  Hunger
 Confuse                  Hex            #.......     100%        3    ####...
 Tukima's Dance           Hex            #.......     100%        3    ####...
 Ensorcelled Hibernation  Hex/Ice        #.....       100%        2    ###....
 Corona                   Hex            #......      99%         1    ##.....
 Dazzling Spray           Conj/Hex       #.....       100%        3    ####...


Dungeon Overview and Level Annotations

Branches:
Dungeon (15/15)            Temple (1/1) D:5            Lair (6/6) D:8
 Shoals (0/4) Lair:2       Spider (4/4) Lair:2        Slime (0/5) Lair:6
    Orc (2/2) D:12            Elf (0/3) Orc:2        Vaults (5/5) D:14
  Crypt (0/3) Vaults:3     Depths (2/5) D:15

Altars:
Ashenzari
Cheibriados
Dithmenos
Elyvilon
Fedhas
Gozag
Hepliaklqana
Kikubaaqudgha
Makhleb
Nemelex Xobeh
Okawaru
Qazlal
Ru
Sif Muna
Trog
Uskayaw
Vehumet
Wu Jian
Xom
Yredelemnul
Zin
The Shining One
Beogh

Shops:
D:7 =   D:11 *(   Orc:2 [([::   Vaults:4 [

Portals:
Hell: Depths:1 Depths:2
Abyss: Depths:1 Depths:2
Pandemonium: Depths:1

Annotations:
D:14 1 exclusion
Depths:2 exclusion: hellion


Innate Abilities, Weirdness & Mutations

You reflexively headbutt those who attack you in melee.
You have a pair of horns on your head.


Message History

The ironbrand convoker is moderately wounded.
The fiery explosion engulfs the vault guard.
The vault guard is almost dead.
The fiery explosion engulfs the vault guard.
The vault guard explodes!
The fiery explosion engulfs the ironbrand convoker.
You kill the ironbrand convoker!
Trog accepts your kill.
Trog appreciates your killing of a magic user.
Trog accepts your kill. x3
The vault guard is engulfed in blazing flames. x2
The vault guard explodes!
Trog accepts your kill.
The vault guard is engulfed in blazing flames.
The vault guard explodes!
Trog accepts your kill.
The war gargoyle is engulfed in blazing flames.
The war gargoyle launches metal splinters at you.
The spray of metal splinters hits you!
You die...

.C.. #....#
....# #.}..# .
.%%.##....# p#
#%..#....#...
#%.§§.§§p.%.
######§§p§§§..##
....%.9§§§§§§%%.
.....§§§@§§§§...
....%§§§§§§§§...
..%..%§§§§§§.%).
######§§§§§§....
..§§§..%...
%..#%.......
#...#.%%.###.
##..#....#


You could see a titan, a vault warden, a vault guard (inner flame), a war
gargoyle (inner flame) and an ironbrand convoker.

Vanquished Creatures
  A juggernaut (Depths:2)
  The ghost of Oziu the Executioner, a veteran MiFi of Okawaru (Vaults:4)
  The ghost of Oziu the Executioner, a veteran MiFi of Okawaru (Vaults:1)
  2 golden dragons
  A tentacled monstrosity (Depths:2)
  Rupert (Lair:3)
  Asterion (Spider:1)
  A lich (Depths:2)
  Frances (D:14)
  3 tengu reavers
  A shadow dragon (Vaults:3)
  A storm dragon (Vaults:3)
  Kirke (D:15)
  7 fire giants
  7 frost giants
  Louise (Depths:1)
  10 vault wardens
  6 emperor scorpions
  4 ghost moths
  10 ironheart preservers
  14 very ugly things
  12 stone giants
  3 entropy weavers
  Nessos (Lair:5)
  A minotaur (Lab)
  3 vampire knights
  8 spark wasps
  Azrael (Spider:3)
  The ghost of Leplul the Tortoise, a journeyman TeFi of Hepliaklqana (Lair:2)
  2 deep elf demonologists (Vaults:2)
  An eidolon (Vaults:3)
  2 deep elf annihilators
  2 deep elf death magi
  4 ettins
  A spectral quicksilver dragon (Vaults:1)
  A jiangshi (Vaults:3)
  6 ogre magi
  9 fire dragons
  The ghost of Pyvobb the Cleaver, a journeyman MiFi of Trog (Orc:2)
  9 yaktaur captains
  7 hydras
  7 ice dragons
  A hydra (shapeshifter) (Vaults:3)
  5 rakshasas
  A spriggan air mage (Depths:2)
  45 vault guards
  A catoblepas (Lair:6)
  2 spectral fire giants (Vaults:1)
  6 centaur warriors
  21 two-headed ogres
  A dancing weapon (Lair:2)
  2 tengu warriors (Depths:1)
  A spectral frost giant (Vaults:1)
  3 deep troll earth magi
  5 death yaks (Lair:6)
  2 vampire magi
  7 deep troll shamans
  10 spriggan berserkers
  5 orc high priests
  Sonja (Lair:3)
  6 deep elf knights
  5 iron trolls
  2 sixfirhies (Depths:1)
  2 spectral yaktaurs (Vaults:1)
  A shadow demon (Depths:1)
  13 deep trolls
  An unseen horror (D:14)
  A glowing orange brain (Vaults:3)
  2 wizards
  5 deep elf archers
  A swamp dragon (shapeshifter) (Vaults:3)
  14 orc knights
  A swamp dragon (Vaults:3)
  2 lindwurms (Lair:6)
  14 harpies
  38 wolf spiders
  10 deep elf magi
  3 phantasmal warriors
  10 ironbrand convokers
  4 orc sorcerers
  A necromancer (Vaults:2)
  20 orb spiders
  34 ugly things
  2 oklob plants (Lair:3)
  3 human zombies (Vaults:2)
  2 moths of wrath
  7 manticores
  6 cyclopes
  A salamander (Depths:2)
  An elephant (shapeshifter) (D:15)
  A rust devil (Depths:1)
  Maurice (D:8)
  4 vault sentinels (Vaults:3)
  3 black mambas
  9 elephants
  5 torpor snails
  Psyche (D:8)
  3 centaur skeletons (D:14)
  4 komodo dragons
  7 spiny frogs
  10 rime drakes
  2 hellwings
  A tengu conjurer (D:13)
  15 demonic crawlers
  29 yaktaurs
  A freezing wraith (Vaults:3)
  A spectral glowing shapeshifter (Vaults:1)
  7 trolls
  A red devil (Depths:2)
  33 jumping spiders
  A harpy zombie (D:15)
  18 slime creatures
  3 meliai (Spider:2)
  2 shadow dragon simulacra (Vaults:1)
  13 hornets
  3 dream sheep (Lair:6)
  10 hippogriffs
  8 blink frogs
  A blink frog (shapeshifter) (Depths:2)
  A frost giant simulacrum (Vaults:3)
  A stone giant simulacrum (Vaults:2)
  66 redbacks
  31 tarantellas
  42 yaks
  5 fire bats (D:9)
  A shadow (D:14)
  2 elf simulacra (Vaults:1)
  6 water elementals
  3 fire elementals (Spider:3)
  3 wyverns
  Grum (D:8)
  6 humans
  A wraith (D:13)
  4 hogs (D:15)
  A basilisk (Lair:6)
  12 steam dragons
  2 hungry ghosts
  7 vampire mosquitoes
  2 human simulacra (Vaults:1)
  2 wargs
  A water moccasin (shapeshifter) (Depths:2)
  An acid dragon (D:14)
  9 water moccasins
  A soldier ant (shapeshifter) (Depths:1)
  8 porcupines
  4 hell hounds
  A human skeleton (Vaults:2)
  45 orc warriors
  2 hornet zombies
  2 black bears
  5 ice beasts
  4 sky beasts
  2 necrophages
  4 phantoms
  20 ogres
  An elf skeleton (Vaults:2)
  7 boggarts
  8 crocodiles
  6 wolves
  32 centaurs
  4 big kobolds
  14 bullfrogs
  2 earth elementals (D:11)
  2 wyvern zombies
  A water moccasin zombie (D:5)
  2 wyvern skeletons (D:14)
  5 scorpions
  A killer bee (D:9)
  9 wights
  5 electric eels
  A howler monkey (D:9)
  8 crimson imps
  5 quasits
  2 iron imps (Depths:1)
  11 hounds
  Crazy Yiuf (D:5)
  6 jellies
  3 bullfrog skeletons
  19 orc priests
  Jessica (D:3)
  Natasha (thrice) (D:3)
  5 iguanas
  23 orc wizards
  16 worker ants
  A killer bee zombie (D:10)
  A hound zombie (D:6)
  8 gnolls
  11 adders
  A shadow imp (D:14)
  3 white imps (Depths:1)
  2 ufetubi (Depths:1)
  2 oozes (D:5)
  2 adder zombies (D:9)
  An adder skeleton (D:7)
  A worm (D:3)
  A dart slug (D:4)
  6 leopard geckos
  146 orcs
  8 bats
  2 giant cockroaches
  3 goblins (D:1)
  5 hobgoblins
  5 jackals
  6 quokkas
  A ball python (D:1)
  A ball python skeleton (D:5)
  6 frilled lizards
  A giant cockroach zombie (D:6)
  18 kobolds
  A leopard gecko zombie (D:6)
  A quokka skeleton (D:7)
  A quokka zombie (D:5)
  4 rats
  4 fungi
  3 plants (Lair:3)
1452 creatures vanquished.

Vanquished Creatures (others)
  A jumping spider (Spider:3)
  A vampire (D:14)
  A human (D:15)
  2 orc priests (Orc:2)
  A bush (Lair:5)
  3 fungi
  A plant (Lair:5)
10 creatures vanquished.

Grand Total: 1462 creatures vanquished

Notes
Turn   | Place    | Note
-------+----------+-------------------------------------------
     0 | D:1      | KamiKatze the Minotaur Berserker began the quest for the Orb.
     0 | D:1      | Reached XP level 1. HP: 19/19 MP: 0/0
   126 | D:1      | Reached XP level 2. HP: 27/27 MP: 1/1
   143 | D:1      | Reached skill level 4 in Axes
   283 | D:1      | Reached ** piety under Trog
   634 | D:2      | Found a glowing silver altar of Zin.
   642 | D:2      | Found a hazy altar of Hepliaklqana.
   816 | D:2      | Found a shimmering altar of Xom.
   817 | D:2      | Found a burning altar of Makhleb.
   863 | D:2      | Found a faded altar of an unknown god.
   925 | D:3      | Reached XP level 3. HP: 33/33 MP: 2/2
   973 | D:3      | Noticed Jessica
   980 | D:3      | Killed Jessica
  1042 | D:3      | Reached XP level 4. HP: 29/40 MP: 3/3
  1300 | D:3      | Noticed Natasha
  1309 | D:3      | Killed Natasha
  1367 | D:3      | Noticed Natasha
  1371 | D:3      | Killed Natasha
  1371 | D:3      | Reached skill level 5 in Axes
  1618 | D:3      | Reached XP level 5. HP: 47/47 MP: 4/4
  1693 | D:3      | Noticed Natasha
  1701 | D:3      | Killed Natasha
  1940 | D:4      | Noticed a dagger
  1942 | D:4      | Noticed a dagger
  1944 | D:4      | Found a hide-covered altar of Uskayaw.
  1969 | D:4      | Noticed a phantom
  2010 | D:4      | Killed a phantom
  2010 | D:4      | Reached skill level 5 in Fighting
  2010 | D:4      | Reached skill level 6 in Axes
  2010 | D:4      | Reached XP level 6. HP: 45/56 MP: 5/5
  2203 | D:4      | Reached *** piety under Trog
  2471 | D:5      | Entered Level 5 of the Dungeon
  2479 | D:5      | Reached XP level 7. HP: 59/61 MP: 6/6
  2501 | D:5      | Reached skill level 7 in Axes
  2567 | D:5      | Reached skill level 5 in Armour
  2583 | D:5      | Found a runed door.
  2588 | D:5      | Noticed Crazy Yiuf
  2594 | D:5      | Killed Crazy Yiuf
  2634 | D:5      | Received a gift from Trog
  2683 | D:5      | Reached skill level 5 in Dodging
  2683 | D:5      | Reached XP level 8. HP: 66/70 MP: 7/7
  2694 | D:5      | Reached skill level 8 in Axes
  3078 | D:5      | Found a staircase to the Ecumenical Temple.
  3085 | Temple   | Entered the Ecumenical Temple
  3611 | D:6      | Reached skill level 9 in Axes
  3794 | D:6      | Reached XP level 9. HP: 57/79 MP: 8/8
  4103 | D:6      | Reached **** piety under Trog
  4162 | D:6      | Reached skill level 10 in Axes
  4287 | D:7      | You fall through a shaft!
  4312 | D:8      | Noticed Grum
  4343 | D:8      | Killed Grum
  4744 | D:7      | Found Ilietes's Jewellery Boutique.
  4783 | D:7      | Reached skill level 11 in Axes
  4848 | D:7      | Found a basalt altar of Yredelemnul.
  5221 | D:7      | Reached XP level 10. HP: 89/90 MP: 9/9
  5335 | D:7      | Found a shattered altar of Ashenzari.
  5337 | D:7      | Found a glowing golden altar of the Shining One.
  5342 | D:7      | Found a snail-covered altar of Cheibriados.
  5342 | D:7      | Found an ornate altar of the Wu Jian Council.
  5345 | D:7      | Found a sacrificial altar of Ru.
  5347 | D:7      | Found an iron altar of Okawaru.
  5942 | D:8      | Noticed Psyche
  5954 | D:8      | Killed Psyche
  6145 | D:8      | Found a staircase to the Lair.
  6328 | D:8      | Noticed Maurice
  6346 | D:8      | Killed Maurice
  6346 | D:8      | Reached skill level 12 in Axes
  6375 | D:9      | Found a snail-covered altar of Cheibriados.
  6420 | D:9      | Found a flagged portal.
  6453 | Bailey   | Entered a bailey
  6711 | Bailey   | Noticed an orc knight
  6720 | Bailey   | Noticed an orc knight
  6750 | Bailey   | Killed an orc knight
  6770 | Bailey   | Noticed an orc knight
  6792 | Bailey   | Noticed an orc knight
  6887 | D:9      | Reached XP level 11. HP: 79/99 MP: 10/10
  6917 | D:9      | Found a stormy altar of Qazlal.
  7033 | D:9      | Reached skill level 13 in Axes
  7038 | D:9      | Noticed a two-headed ogre
  7048 | D:9      | Killed a two-headed ogre
  7048 | D:9      | Reached skill level 10 in Fighting
  7221 | D:9      | Found a transporter.
  7324 | D:9      | Reached ***** piety under Trog
  7484 | D:9      | Found a transporter.
  7741 | Lair:1   | Entered Level 1 of the Lair of Beasts
  8025 | Lair:1   | Found the ring of the Octopus King
  8032 | Lair:1   | Got a ring of the Octopus King
  8279 | Lair:1   | Identified a ring of the Octopus King {rC+ AC+1 EV+1 Str+1 Int+1 Dex+1} (You found it on level 1 of the Lair of Beasts)
  8509 | Lair:2   | Reached skill level 10 in Armour
  8623 | Lair:2   | Found a runed door.
  8628 | Lair:2   | Found a shimmering altar of Xom.
  8628 | Lair:2   | Noticed a dire flail of chaos
  8628 | Lair:2   | Noticed Leplul's ghost (journeyman TeFi)
  8763 | Lair:2   | Found a hole to the Spider Nest.
  8805 | Lair:2   | Reached skill level 14 in Axes
  8953 | Lair:2   | Found a staircase to the Shoals.
  9038 | Lair:2   | You fall through a shaft!
  9228 | Lair:3   | Noticed Rupert
  9246 | Lair:3   | Killed Rupert
  9323 | Lair:3   | Noticed Sonja
  9386 | Lair:3   | Killed Sonja
  9434 | Lair:3   | Reached skill level 10 in Dodging
  9434 | Lair:3   | Reached XP level 12. HP: 33/110 MP: 11/11
  9513 | Lair:1   | Reached skill level 16 in Axes
  9513 | Lair:1   | Reached XP level 13. HP: 37/116 MP: 12/12
  9826 | Lair:3   | Reached skill level 17 in Axes
 11488 | Lair:5   | Noticed Nessos
 11719 | D:10     | Entered Level 10 of the Dungeon
 13132 | D:11     | Found Uvic's Weapon Emporium.
 13165 | D:11     | Found Foparrug's Pet Rocks.
 13740 | D:12     | Reached skill level 18 in Axes
 13794 | D:12     | Found a labyrinth entrance.
 13814 | Lab      | Entered a labyrinth
 14284 | Lab      | Noticed a minotaur
 14293 | Lab      | Killed a minotaur
 14351 | Lab      | Got a steaming bone ring
 14351 | Lab      | Got a faintly glowing iron amulet
 14355 | Lab      | Identified the amulet "Perul" {Acrobat rElec} (You found it in a labyrinth)
 14359 | Lab      | Identified the ring of Spite {rElec SInv Stlth-} (You found it in a labyrinth)
 14649 | D:12     | Found a staircase to the Orcish Mines.
 14686 | D:12     | Received a gift from Trog
 15332 | D:12     | Reached XP level 14. HP: 124/127 MP: 13/13
 15833 | Orc:1    | Entered Level 1 of the Orcish Mines
 16022 | Orc:1    | Found a runed gate.
 16023 | Orc:1    | Found a runed gate.
 16023 | Orc:1    | Found a runed gate.
 16031 | Orc:1    | Noticed Pyvobb's ghost (journeyman MiFi)
 16032 | Orc:1    | Found a roughly hewn altar of Beogh.
 16125 | Orc:2    | Entered Level 2 of the Orcish Mines
 16125 | Orc:2    | Found a staircase to the Elven Halls.
 16208 | Orc:2    | Found Lidd's Book Boutique.
 16301 | Orc:2    | Received a gift from Trog
 16496 | Orc:2    | Found a roughly hewn altar of Beogh.
 16819 | Orc:2    | Reached ****** piety under Trog
 18095 | Orc:2    | Reached skill level 19 in Axes
 18109 | Orc:2    | Found Gezem's Book Shoppe.
 18109 | Orc:2    | Found Raalell's Antique Armour Shop.
 18111 | Orc:2    | Found Puluzxoe's Weapon Shop.
 18111 | Orc:2    | Found Jacep's Antique Armour Shoppe.
 18125 | Orc:2    | Bought an embroidered scarf for 208 gold pieces
 18137 | Orc:2    | Bought a glowing cloak for 195 gold pieces
 18161 | Orc:2    | Bought a glowing plate armour for 858 gold pieces
 18449 | D:13     | Received a gift from Trog
 20242 | D:14     | Noticed Frances
 20267 | D:14     | Killed Frances
 20267 | D:14     | Reached XP level 15. HP: 58/137 MP: 4/14
 20403 | D:14     | Reached skill level 20 in Axes
 20534 | D:14     | Received a gift from Trog
 20790 | D:14     | Found a gate to the Vaults.
 20853 | D:15     | Entered Level 15 of the Dungeon
 21258 | D:15     | Noticed Kirke
 21270 | D:15     | Killed Kirke
 21382 | D:15     | Found a staircase to the Depths.
 21791 | Orc:2    | Killed Pyvobb's ghost
 21799 | Orc:2    | Got a translucent plate armour
 21812 | Orc:2    | Identified the +1 plate armour "Soureyti" {+Fly Regen+ Str+2} (You took it off an orc knight on level 2 of the Orcish Mines)
 22067 | Orc:1    | Got a bloodstained cloak
 22102 | Orc:1    | Identified the cursed +0 cloak "Dynna" {-Cast rCorr Slay+3 SInv} (You found it on level 1 of the Orcish Mines)
 22496 | Lair:5   | Killed Nessos
 23039 | Lair:6   | Entered Level 6 of the Lair of Beasts
 23478 | Lair:6   | Got an ancient ruby amulet
 23479 | Lair:6   | Identified the amulet "Yxzopa" {Acrobat rF+ rN+ MR+ Str-3} (You found it on level 6 of the Lair of Beasts)
 23494 | Lair:6   | Received a gift from Trog
 24285 | Lair:6   | Found a staircase to the Slime Pits.
 24548 | Lair:6   | Got a serpentine brass amulet
 24756 | Lair:6   | Reached skill level 21 in Axes
 24909 | Lair:6   | Reached XP level 16. HP: 147/147 MP: 5/15
 24999 | Lair:6   | Identified the amulet of Past Mistakes {Acrobat MP+9} (You found it on level 6 of the Lair of Beasts)
 25267 | Spider:1 | Entered Level 1 of the Spider Nest
 25445 | Spider:1 | Received a gift from Trog
 25639 | Spider:1 | Reached skill level 15 in Fighting
 25789 | Spider:1 | Noticed Asterion
 25801 | Spider:1 | Killed Asterion
 26483 | Spider:1 | Reached skill level 15 in Armour
 27414 | Spider:2 | Received a gift from Trog
 27792 | Spider:3 | Reached skill level 22 in Axes
 28236 | Spider:3 | Noticed Azrael
 28255 | Spider:3 | Killed Azrael
 28687 | Spider:3 | Reached XP level 17. HP: 97/158 MP: 5/16
 28912 | Spider:3 | Received a gift from Trog
 29150 | Spider:4 | Entered Level 4 of the Spider Nest
 30339 | Spider:4 | Received a gift from Trog
 30507 | Spider:4 | Got a scorched mace
 30508 | Spider:4 | Identified the +1 mace "Sapnoeh" {flame, rN+} (You found it on level 4 of the Spider Nest)
 30537 | Spider:4 | Reached skill level 15 in Dodging
 30943 | Spider:4 | Got a gossamer rune of Zot
 31376 | Vaults:1 | Entered Level 1 of the Vaults
 31469 | Vaults:1 | Found a shattered altar of Ashenzari.
 31640 | Vaults:1 | Reached skill level 23 in Axes
 32188 | Vaults:1 | Found a runed gate.
 32189 | Vaults:1 | Found a runed gate.
 32189 | Vaults:1 | Found a runed gate.
 32190 | Vaults:1 | Noticed Oziu's ghost (veteran MiFi)
 32242 | Vaults:1 | Received a gift from Trog
 32943 | Vaults:2 | Reached XP level 18. HP: 168/168 MP: 17/17
 33475 | Vaults:2 | Received a gift from Trog
 33661 | Vaults:2 | Noticed a Tzitzimitl
 34232 | Vaults:3 | Reached skill level 24 in Axes
 34468 | Vaults:3 | Found a flickering gateway to a bazaar.
 34477 | Bazaar   | Entered a bazaar
 34477 | Bazaar   | Found Emneil's General Store.
 34492 | Bazaar   | Found Iwimoxil's Book Emporium.
 34502 | Bazaar   | Found Ygyimmia's Weapon Shoppe.
 34510 | Bazaar   | Found Nuvegrum's Weapon Shop.
 34517 | Bazaar   | Found Vufiom's Distillery.
 34525 | Bazaar   | Bought a potion of heal wounds for 65 gold pieces
 34525 | Bazaar   | Bought a potion of heal wounds for 65 gold pieces
 34567 | Bazaar   | Bought a scroll of teleportation for 33 gold pieces
 35203 | Vaults:3 | Received a gift from Trog
 35213 | Vaults:3 | Reached XP level 19. HP: 102/178 MP: 18/18
 35820 | Vaults:3 | Found a staircase to the Crypt.
 36432 | Vaults:4 | Reached skill level 25 in Axes
 36437 | Vaults:4 | Received a gift from Trog
 36438 | Vaults:4 | Found the +8 frozen axe "Frostbite" {freezing cloud, *Noise +Fly rC+}
 36743 | Vaults:4 | Found Guop Qass's Antique Armour Shop.
 37329 | Vaults:4 | Found a large runed door.
 37329 | Vaults:4 | Found a large runed door.
 37330 | Vaults:4 | Noticed Oziu's ghost (veteran MiFi)
 37773 | Vaults:1 | Killed Oziu's ghost
 37828 | Vaults:1 | Got an ancient lead ring
 37830 | Vaults:1 | Identified the ring "Qaqoheb" {rN++ MP+9 Int-2 Slay+2} (You found it on level 1 of the Vaults)
 37896 | D:14     | Received a gift from Trog
 38190 | Lair:2   | Killed Leplul's ghost
 38536 | Depths:1 | Entered Level 1 of the Depths
 38545 | Depths:1 | Found a gateway to Hell.
 38634 | Depths:1 | Reached XP level 20. HP: 140/189 MP: 19/19
 38970 | Depths:1 | Noticed Louise
 38982 | Depths:1 | Killed Louise
 39011 | Depths:1 | Found a one-way gate to the infinite horrors of the Abyss.
 39490 | Depths:1 | Found a one-way gate leading to the halls of Pandemonium.
 39537 | Depths:1 | Received a gift from Trog
 39863 | Depths:2 | Reached skill level 26 in Axes
 40123 | Depths:2 | Noticed a golden dragon
 40147 | Depths:2 | Killed a golden dragon
 40757 | Depths:2 | Noticed a golden dragon
 40791 | Depths:1 | Killed a golden dragon
 41254 | Depths:2 | Found the +8 Wrath of Trog {antimagic, *Rage}
 41758 | Depths:2 | Noticed a juggernaut
 41786 | Depths:2 | Killed a juggernaut
 41923 | Depths:2 | Reached XP level 21. HP: 145/199 MP: 20/20
 42871 | Vaults:4 | Killed Oziu's ghost
 43057 | Vaults:5 | Entered Level 5 of the Vaults
 43065 | Vaults:5 | Received a gift from Trog
 43065 | Vaults:5 | Killed from afar by a war gargoyle

Skill      XL: |  1  2  3  4  5  6  7  8  9 10 11 12 13 14 15 16 17 18 19 20 |
---------------+-------------------------------------------------------------+-----
Axes           | 4 5 6 7 9 11 12 14 16 18 19 21 22 23 24 25 26 | 26.9
Fighting       | 4 5 6 7 8 9 11 12 13 14 15 16 17 18 19 | 19.8
Armour         | 3 4 5 6 8 9 10 12 13 14 15 16 17 18 19 | 19.7
Dodging        | 3 4 5 6 7 8 10 11 12 13 14 15 16 17 18 | 18.3

Action                   |  1- 3 |  4- 6 |  7- 9 | 10-12 | 13-15 | 16-18 | 19-21 || total
-------------------------+-------+-------+-------+-------+-------+-------+-------++-------
Melee: Hand axe          |    46 |   144 |   358 |   418 |   192 |       |       ||  1158
       Headbutt          |     8 |    25 |    71 |    88 |   351 |   281 |   251 ||  1075
       War axe           |       |       |       |     4 |   146 |       |       ||   150
       Battleaxe         |       |       |       |       |  1013 |   510 |       ||  1523
       Executioner's axe |       |       |       |       |       |   565 |   817 ||  1382
Throw: Tomahawk          |       |       |       |     2 |     2 |     1 |     2 ||     7
Invok: Trog's Hand       |     1 |     1 |     2 |     9 |     9 |     5 |    10 ||    37
       Berserk           |       |       |     1 |     9 |     2 |     2 |     1 ||    15
Evoke: Wand              |       |       |       |       |     5 |       |     2 ||     7
  Use: Scroll            |       |       |     8 |    12 |    15 |     3 |    12 ||    50
       Potion            |       |       |       |     4 |     9 |     3 |     4 ||    20
  Eat: Chunk             |     1 |     5 |    11 |    18 |    40 |    28 |    22 ||   125
       Ration            |       |       |       |     2 |     5 |     3 |     4 ||    14
Armor: Leather armour    |     9 |       |       |       |       |       |       ||     9
       Scale mail        |    13 |    48 |    43 |       |       |       |       ||   104
       Plate armour      |       |       |   116 |   204 |   551 |   616 |   186 ||  1673
       Gold dragon scale |       |       |       |       |       |       |    95 ||    95
Dodge: Dodged            |    36 |    75 |   178 |   296 |   839 |   884 |   470 ||  2778
